[ AOE2 MATCH · #493691838 ]
UnrankedDravidians vs Ethiopians
Player's team · LOSS
[ REPLAY ANALYSIS · EXTRACTED FROM THE RECORDED GAME ]
Feudal
9:19
Castle
—
Imperial
—
| APM avg | 40.7 |
| APM peak | 79 |
| eAPM avg | 16.4 |
| Villagers / military | 28 / 1 |
Focus
⚔️ 28.7% · 🌾 71.3%
Archer ×1
Feudal
9:18
Castle
—
Imperial
—
| APM avg | 59.7 |
| APM peak | 95 |
| eAPM avg | 22.5 |
| Villagers / military | 24 / 4 |
Focus
⚔️ 29.9% · 🌾 70.1%
Militia ×3 · Archer ×1
Match map
Initial resources + every placement click. Lines = walls · curves = elevation contours. ◆ gold · ⬟ stone · ● berries · ✦ relic · ◌ wall gap
Your base· Open — unwalled flank
asdf's base· Open — unwalled flank
Smoothed initial terrain · ◌ = detected wall gap · hover for details
Inputs per minute
— Skorpiem - - asdf
Build order — Skorpiem
65 actions detected in the replay
| 0:00 | Queue | Villager (Male) |
| 0:02 | Build | House |
| 0:03 | Build | House |
| 0:10 | Queue | Villager (Male) |
| 0:11 | Queue | Villager (Male) |
| 0:17 | Queue | Villager (Male) |
| 1:25 | Queue | Villager (Male) |
| 1:58 | Build | Lumber Camp |
| 2:00 | Queue | Villager (Male) |
| 2:22 | Queue | Villager (Male) |
| 2:49 | Queue | Villager (Male) |
| 2:50 | Queue | Villager (Male) |
| 3:03 | Queue | Villager (Male) |
| 3:21 | Build | House |
| 3:22 | Build | House |
| 3:33 | Queue | Villager (Male) |
| 3:33 | Queue | Villager (Male) |
| 4:03 | Queue | Villager (Male) |
| 4:03 | Queue | Villager (Male) |
| 4:31 | Queue | Villager (Male) |
| 4:31 | Queue | Villager (Male) |
| 4:56 | Queue | Villager (Male) |
| 5:09 | Build | Mill |
| 5:11 | Queue | Villager (Male) |
| 5:11 | Queue | Villager (Male) |
| 6:13 | Queue | Villager (Male) |
| 6:43 | Research | Loom |
| 7:09 | Research | Feudal Age |
| 7:56 | Queue | Villager (Male) |
| 7:56 | Queue | Villager (Male) |
| 8:07 | Build | Barracks |
| 8:49 | Build | Palisade Wall |
| 8:52 | Build | Palisade Wall |
| 9:07 | Build | Mill |
| 9:15 | Build | Mining Camp |
| 9:19 | Age | Feudal Age |
| 9:24 | Build | Mining Camp |
| 9:31 | Build | Archery Range |
| 9:35 | Research | Double-Bit Axe |
| 9:37 | Queue | Villager (Male) |
| 9:50 | Build | Palisade Wall |
| 9:52 | Build | Palisade Wall |
| 9:56 | Build | Palisade Wall |
| 9:58 | Build | House |
| 9:59 | Build | Palisade Wall |
| 10:06 | Build | House |
| 10:16 | Build | Palisade Wall |
| 10:17 | Build | Palisade Wall |
| 10:17 | Build | Palisade Wall |
| 10:30 | Build | Palisade Wall |
| 10:32 | Build | Palisade Wall |
| 10:35 | Build | Palisade Wall |
| 10:37 | Build | Palisade Wall |
| 10:41 | Queue | Archer |
| 10:55 | Queue | Villager (Male) |
| 10:55 | Queue | Villager (Male) |
| 11:20 | Build | Lumber Camp |
| 11:33 | Build | Blacksmith |
| 11:37 | Queue | Villager (Male) |
| 11:38 | Queue | Villager (Male) |
| 11:43 | Build | Palisade Wall |
| 11:45 | Build | Palisade Wall |
| 11:52 | Build | Palisade Wall |
| 11:55 | Build | Palisade Wall |
| 12:02 | Queue | Villager (Male) |
Build order — asdf
55 actions detected in the replay
| 0:00 | Queue | Villager (Male) |
| 0:01 | Queue | Villager (Male) |
| 0:02 | Build | House |
| 0:03 | Build | House |
| 0:03 | Queue | Villager (Male) |
| 0:14 | Queue | Villager (Male) |
| 1:26 | Queue | Villager (Male) |
| 1:57 | Queue | Villager (Male) |
| 2:06 | Build | Lumber Camp |
| 2:21 | Queue | Villager (Male) |
| 2:41 | Queue | Villager (Male) |
| 3:17 | Queue | Villager (Male) |
| 3:37 | Build | House |
| 3:41 | Queue | Villager (Male) |
| 3:54 | Queue | Villager (Male) |
| 4:19 | Queue | Villager (Male) |
| 4:56 | Queue | Villager (Male) |
| 5:24 | Queue | Villager (Male) |
| 5:35 | Build | Barracks |
| 5:46 | Build | Palisade Wall |
| 5:47 | Build | Palisade Wall |
| 5:48 | Build | Palisade Wall |
| 5:52 | Queue | Villager (Male) |
| 5:55 | Queue | Villager (Male) |
| 6:04 | Build | House |
| 6:23 | Research | Loom |
| 7:08 | Research | Feudal Age |
| 7:16 | Build | Mining Camp |
| 7:36 | Queue | Militia |
| 7:52 | Build | Mill |
| 7:59 | Queue | Militia |
| 8:17 | Queue | Militia |
| 8:51 | Queue | Villager (Male) |
| 8:53 | Build | House |
| 9:05 | Build | Lumber Camp |
| 9:18 | Age | Feudal Age |
| 9:21 | Research | Man-at-Arms (upgrade) |
| 9:21 | Research | Man-at-Arms (upgrade) |
| 9:22 | Queue | Villager (Male) |
| 10:15 | Queue | Villager (Male) |
| 10:43 | Queue | Villager (Male) |
| 10:45 | Build | Archery Range |
| 10:59 | Queue | Villager (Male) |
| 11:13 | Queue | Villager (Male) |
| 11:20 | Build | Farm |
| 11:20 | Build | Farm |
| 11:22 | Build | Farm |
| 11:29 | Build | Farm |
| 11:30 | Build | Farm |
| 11:47 | Queue | Villager (Male) |
| 11:50 | Research | Double-Bit Axe |
| 11:52 | Build | House |
| 12:09 | Queue | Villager (Male) |
| 12:11 | Queue | Archer |
| 12:20 | Build | Palisade Wall |
Match timeline
| 5:35 | asdf · first_building Barracks |
| 5:46 | asdf · wall_segment Palisade Wall x1 |
| 5:47 | asdf · wall_segment Palisade Wall x1 |
| 5:48 | asdf · wall_segment Palisade Wall x1 |
| 8:07 | Skorpiem · first_building Barracks |
| 8:49 | Skorpiem · wall_segment Palisade Wall x1 |
| 8:52 | Skorpiem · wall_segment Palisade Wall x6 |
| 9:18 | asdf · age_up feudal |
| 9:19 | Skorpiem · age_up feudal |
| 9:31 | Skorpiem · first_building Archery Range |
| 9:50 | Skorpiem · wall_segment Palisade Wall x1 |
| 9:52 | Skorpiem · wall_segment Palisade Wall x1 |
| 9:56 | Skorpiem · wall_segment Palisade Wall x1 |
| 9:59 | Skorpiem · wall_segment Palisade Wall x1 |
| 10:16 | Skorpiem · wall_segment Palisade Wall x1 |
| 10:17 | Skorpiem · wall_segment Palisade Wall x1 |
| 10:17 | Skorpiem · wall_segment Palisade Wall x1 |
| 10:30 | Skorpiem · wall_segment Palisade Wall x1 |
| 10:32 | Skorpiem · wall_segment Palisade Wall x1 |
| 10:35 | Skorpiem · wall_segment Palisade Wall x1 |
| 10:37 | Skorpiem · wall_segment Palisade Wall x1 |
| 10:45 | asdf · first_building Archery Range |
| 11:43 | Skorpiem · wall_segment Palisade Wall x1 |
| 11:45 | Skorpiem · wall_segment Palisade Wall x1 |
| 11:52 | Skorpiem · wall_segment Palisade Wall x1 |
| 11:55 | Skorpiem · wall_segment Palisade Wall x1 |
| 12:20 | asdf · wall_segment Palisade Wall x14 |
| 12:21 | Skorpiem · resign |
[ AI ANALYSIS · 1 CREDIT ]
What really happened in this match?
Wolo.gg analyzes every decision: build order, eco, micro, common mistakes by bracket. Personalized analysis on WhatsApp or Discord in 30 seconds.
Civ guide
Dravidians
Perfil
Skorpiem